 Dungeon Crawl Stone Soup version 0.31-a0-836-g3ceb0a68c4 (webtiles) character file.

Game seed: 4658541878225115815

37 croobank the Ruffian (level 3, -1/28 HPs)
             Began as a Gnoll Shapeshifter on Sept 26, 2023.
             Killed from afar by Sigmund (6 damage)
             ... with a puff of flame
             ... on level 2 of the Dungeon.
             The game lasted 00:01:45 (793 turns).

croobank the Ruffian (Gnoll Shapeshifter)            Turns: 793, Time: 00:01:46

Health: -1/28      AC:  2    Str: 11 (13) XL:     3   Next: 41%
Magic:  4/4        EV: 13    Int:  9 (11) God:
Gold:   90         SH:  0    Dex: 10 (11) Spells: 3/3 levels left

rFire   . .          .
                       - Unarmed
rCold   . . .        (no shield)
rNeg    . . .        a - +0 animal skin
rPois   .            (helmet currently unavailable)
rElec   .            (cloak currently unavailable)
rCorr   .            (gloves currently unavailable)
SInv    .            (boots currently unavailable)
Will    .....        (no amulet)
Stlth   +            (no ring)
HPRegen 0.24/turn    (no ring)
MPRegen 0.09/turn

%: no passive effects
@: confused, beast-form
A: beast (slay +3), fangs 1, strong nose, distributed training
a: Begin Untransformation


You were on level 2 of the Dungeon.
You were a hulking beast.
You visited 1 branch of the dungeon, and saw 2 of its levels.

You collected 90 gold pieces.

Inventory:

Hand Weapons
 e - a +0 dagger
 f - a +0 rapier
 m - a +1 whip of venom
Missiles
 g - 6 curare-tipped darts
Armour
 a - a +0 animal skin (worn)
Talismans
 c - a beast talisman (active)
 d - a flux talisman
Scrolls
 i - a scroll of immolation {unknown}
 j - a scroll of vulnerability {unknown}
Potions
 b - a potion of lignification
 k - a potion of degeneration


   Skills:
 + Level 2.6 Fighting
 + Level 0.8 Short Blades
 + Level 0.8 Long Blades
 + Level 0.8 Axes
 + Level 0.8 Maces & Flails
 + Level 0.8 Polearms
 + Level 0.8 Staves
 + Level 0.8 Ranged Weapons
 + Level 0.8 Throwing
 + Level 0.8 Armour
 + Level 4.5 Dodging
 + Level 0.8 Stealth
 + Level 0.8 Shields
 + Level 6.5 Unarmed Combat
 + Level 0.8 Spellcasting
 + Level 0.5 Conjurations
 + Level 0.5 Hexes
 + Level 0.5 Summonings
 + Level 0.5 Necromancy
 + Level 0.5 Translocations
 + Level 0.5 Transmutations
 + Level 0.5 Fire Magic
 + Level 0.5 Ice Magic
 + Level 0.5 Air Magic
 + Level 0.5 Earth Magic
 + Level 0.5 Poison Magic
 + Level 1.0 Invocations
 + Level 0.8 Evocations
 + Level 6.5 Shapeshifting


You had 3 spell levels left.
You didn't know any spells.
Your spell library contained the following spells:

 Spells                   Type           Power      Damage    Failure   Level
 Inner Flame              Hex/Fire       1%         N/A       65%         3
 Yara's Violent Unravell  Hex/Tmut       0%         3d3       100%        5
 Enfeeble                 Hex            0%         N/A       100%        7


Dungeon Overview and Level Annotations

Branches:
Dungeon (2/15)

Altars:

Annotations:
D:2 Sigmund


Innate Abilities, Weirdness & Mutations

You are a hulking beast.
Your limbs bulge with bestial killing power. (Slay +3)
You have very sharp teeth.
Your uncanny sense of smell can sniff out nearby items.
Your experience applies equally to all skills.


Message History

You barely miss the ball python.
Sigmund shouts!
The ball python closely misses you. The ball python grabs you.
The ball python constricts you. Sigmund casts a spell at you.
The puff of flame hits you!
You punch the ball python!
You kill the ball python!
You punch the endoplasm!
You kill the endoplasm!
Sigmund mumbles some strange words.
Sigmund flickers and vanishes!
Deactivating autopickup; reactivate with Ctrl-A.
It was a potion of degeneration.
There was something very wrong with that liquid.
You feel weakened.
You feel dopey.
You feel clumsy. The hobgoblin hits you.
It was a potion of curing.
You feel better. The hobgoblin hits you.
As you read the scroll labelled EXKECK XEDDE, it crumbles to dust.
You feel aware of your surroundings.
You sensed 1 altar.
It was a scroll of revelation.
Sigmund casts a spell at you.
You are confused.
The hobgoblin hits you.
Okay, then.
The hobgoblin closely misses you. The hobgoblin misses you.
You hit the hobgoblin.
The hobgoblin is heavily wounded.
The hobgoblin hits you but does no damage.
A magic dart appears from out of thin air!
The magic dart hits you! Something hits you.
Found an escape hatch in the floor.
The hobgoblin barely misses you. Something hits you!
* * * LOW HITPOINT WARNING * * *
Found 4 stones.
A puff of flame appears from out of thin air!
The puff of flame hits you.
You die...

#.#.....#..##.##.##.>,,*
*#.###..........#.##.#***
,#.* ##..............*
,..**####..........##*
**,,*####..........##
*,,,..##..........##
***.#..##.........##
*......†...g....##
****#........{..h..##
,,,,...............##****
,***#.................,,**
,** ######.#..........#,,*
,,* #####.#..........#*,*
*,***#####.#...........#,**
*,,,∆................#..,,*
***,,...............(###***
**,,,,,,,,,,********


You could see a hobgoblin.

Vanquished Creatures
  An adder (D:2)
  3 endoplasms
  A giant cockroach (D:1)
  4 hobgoblins (D:1)
  6 kobolds (D:1)
  2 ball pythons
  A frilled lizard (D:1)
  4 goblins
  3 rats
25 creatures vanquished.

Notes
Turn   | Place    | Note
-------+----------+-------------------------------------------
     0 | D:1      | croobank the Gnoll Shapeshifter began the quest for the
                  | Orb.
     0 | D:1      | Reached XP level 1. HP: 17/17 MP: 1/1
   116 | D:1      | Reached XP level 2. HP: 23/23 MP: 2/2
   626 | D:1      | Reached XP level 3. HP: 28/28 MP: 3/3
   776 | D:2      | Noticed Sigmund
   778 | D:2      | Reached skill level 1 in Invocations
   793 | D:2      | Killed from afar by Sigmund

Illustrated notes

Levels and vault maps discovered:
D:1:      dpeg_arrival_erosion, layout_basic, hangedman_glass_teeth
D:2:      layout_rooms, hellmonk_ecumenical_altar_zigzags, minmay_pentomino_z2,
          uniq_crazy_yiuf_cottage, uniq_robin, uniq_sigmund, uniq_natasha

Skill      XL: |  1  2  3 |
---------------+----------+-----
Invocations    | 1 |  1.0
Fighting       | |  2.6
Short Blades   | |  0.8
Long Blades    | |  0.8
Axes           | |  0.8
Maces & Flails | |  0.8
Polearms       | |  0.8
Staves         | |  0.8
Ranged Weapons | |  0.8
Throwing       | |  0.8
Armour         | |  0.8
Dodging        | |  4.5
Stealth        | |  0.8
Shields        | |  0.8
Unarmed Combat | |  6.5
Spellcasting   | |  0.8
Conjurations   | |  0.5
Hexes          | |  0.5
Summonings     | |  0.5
Necromancy     | |  0.5
Translocations | |  0.5
Transmutations | |  0.5
Fire Magic     | |  0.5
Ice Magic      | |  0.5
Air Magic      | |  0.5
Earth Magic    | |  0.5
Poison Magic   | |  0.5
Evocations     | |  0.8
Shapeshifting  | |  6.5

Action                     || total
---------------------------++-------
  Melee: Unarmed           ||    43
         Bite              ||     4
         Punch             ||     1
    Use: Potion            ||     2
         Scroll            ||     1
   Stab: Sleeping          ||     2
 Armour: Animal skin       ||    20
  Dodge: Dodged            ||    25

Table legend: (Time is in decaauts)
 A = Elapsed time spent in this place.
 B = Non-inter-level travel time spent in this place.
 C = Inter-level travel time spent in this place.
 D = Time resting spent in this place.
 E = Time spent auto-exploring this place.
 F = Levels seen in this place.
 G = Mean time per level.
                   A        B        C        D        E       F      G
               +--------+--------+--------+--------+--------+-----+--------+
         Total |    787 |    758 |     29 |      0 |    605 |   2 |  393.5 |
       Dungeon |    787 |    758 |     29 |      0 |    605 |   2 |  393.5 |
               +--------+--------+--------+--------+--------+-----+--------+

Top non-repeatable levels by time:
     D:1: 729 daAuts
     D:2: 58 daAuts
